 Dungeon Crawl Stone Soup version 0.29.0-15-g675c0067aa (webtiles) character file.

Game seed: 4339086161965878070

2 qw the Sneak (level 1, -2/14 HPs)
             Began as a Gargoyle Delver on Sept 11, 2022.
             Slain by an ufetubus (3 damage)
             ... summoned by Eustachio
             ... on level 5 of the Dungeon.
             The game lasted 00:00:03 (48 turns).

qw the Sneak (Gargoyle Delver)                        Turns: 48, Time: 00:00:03

Health: -2/14      AC:  5    Str: 15    XL:     1   Next: 30%
Magic:  1/1        EV: 11    Int: 10    God:
Gold:   0          SH:  0    Dex: 11    Spells: 0/0 levels left

rFire   . . .      SeeInvis .   a - +0 hand axe
rCold   . . .      Faith    .   (no shield)
rNeg    + . .      Spirit   .   b - +0 leather armour
rPois   inf        Reflect  .   (no helmet)
rElec   +          Harm     .   (no cloak)
rCorr   .          Rampage  .   (no gloves)
Will    .....                   (no boots)
Stlth   +++.......              (no amulet)
HPRegen 0.04/turn               (no ring)
MPRegen 0.07/turn               (no ring)

@: no status effects
A: sickness immunity, AC +2, negative energy resistance 1, electricity
resistance, torment resistance 1, petrification resistance
a: no special abilities


You were on level 5 of the Dungeon.
You visited 1 branch of the dungeon, and saw 1 of its levels.


Innate Abilities, Weirdness & Mutations

You are immune to sickness and miasma.
Your stone body is resilient. (AC +2)
You are immune to poison.
You resist negative energy. (rN+)
You are resistant to electric shocks. (rElec)
You are resistant to unholy torment.
You are immune to petrification.


   Skills:
 - Level 3.2 Fighting
 + Level 2.0 Axes
 - Level 1.5 Dodging
 - Level 5.4 Stealth


You couldn't memorise any spells.
You didn't know any spells.
Your spell library was empty.

Inventory:

Hand Weapons
 a - a +0 hand axe (weapon)
Armour
 b - a +0 leather armour (worn)
 h - a +0 chain mail
Wands
 g - a wand of digging (3)
Scrolls
 c - a scroll of fog
 d - a scroll of magic mapping
 e - a scroll of fear
Potions
 f - a potion of haste

Dungeon Overview and Level Annotations

Branches:
Dungeon (5/15)
 Temple: D:4-7

Altars:
Hepliaklqana
Okawaru

Annotations:
D:5 Eustachio


Message History

You hit the adder. You hit the ufetubus.
The ufetubus hits you but does no damage.
The ufetubus closely misses you. The adder bites you but does no damage.
The orc hits you but does no damage. The ufetubus closely misses you.
The ufetubus misses you. The adder closely misses you.
The orc hits you with a +0 short sword.
You hit the orc.
You kill the orc!
You hit the adder. You closely miss the ufetubus.
The ufetubus barely misses you. The ufetubus misses you. The adder bites you.
The ufetubus hits you but does no damage. x2
The ufetubus barely misses you. The ufetubus closely misses you.
The adder closely misses you.
Your Axes skill increases to level 2!
You barely miss the adder.
The adder is heavily wounded.
You hit the ufetubus. You barely miss the ufetubus. The ufetubus misses you.
The ufetubus barely misses you. x2
The ufetubus closely misses you. The adder bites you but does no damage.
Eustachio mumbles some strange words.
The ufetubus barely misses you. x2
You closely miss the adder.
The adder is heavily wounded.
You hit the iron imp but do no damage. You barely miss the ufetubus.
The adder bites you. The ufetubus closely misses you. The ufetubus hits you.
The adder bites you but does no damage.
The ufetubus hits you but does no damage. x2
You hit the adder.
The adder is almost dead.
You hit the ufetubus. You closely miss the iron imp. The adder bites you.
The iron imp barely misses you.
The ufetubus hits you but does no damage.
The ufetubus hits you.
You hit the adder.
You kill the adder!
You hit the iron imp but do no damage. You barely miss the ufetubus.
The ufetubus closely misses you. x2; The iron imp barely misses you.
The ufetubus hits you but does no damage.
The ufetubus misses you. The ufetubus hits you.
You die...

..#........[.#
........>..<#
...........#
#...r......#
#..........#
#..@.....#
#555...#
#@##.# #..#.#
#..#.# #....#
#.#..##
#.##..###
#.##...>##
...###...# ..
#...#


You could see Eustachio, an iron imp (summoned), a river rat (summoned) and 2
ufetubi.

Vanquished Creatures
  An adder (D:5)
  An orc (D:5)
2 creatures vanquished.

Notes
Turn   | Place    | Note
-------+----------+-------------------------------------------
     0 | D:5      | qw the Gargoyle Delver began the quest for the Orb.
     0 | D:5      | Reached XP level 1. HP: 14/14 MP: 1/1
     0 | D:5      | 0 ||| qw: Version: 0.1-a-118-gb4e7ce6
     0 | D:5      | 0 ||| qw: Game counter: 10293
     0 | D:5      | 0 ||| qw: Always use a shield: true
     0 | D:5      | 0 ||| qw: God list: Okawaru
     0 | D:5      | 0 ||| qw: Allow faded altars: false
     0 | D:5      | 0 ||| qw: Do Orc after D:15 true
     0 | D:5      | 0 ||| qw: Do second Lair branch before Depths: true
     0 | D:5      | 0 ||| qw: Lair rune preference: random
     0 | D:5      | 0 ||| qw: Plans: Normal
     0 | D:5      | 0 ||| PLANNING D:1-11
     8 | D:5      | Found an iron altar of Okawaru.
    11 | D:5      | Found a hazy altar of Hepliaklqana.
    25 | D:5      | Noticed Eustachio
    36 | D:5      | Noticed a crimson imp
    41 | D:5      | Noticed an iron imp
    46 | D:5      | HP: 3/14 [ufetubus[Eustachio] (2)]
    47 | D:5      | HP: 1/14 [ufetubus[Eustachio] (2)]
    48 | D:5      | Slain by an ufetubus

Levels and vault maps discovered:
D:5:      layout_rooms, nicolae_overflow_hidden_temple, roderic_roman_lattice,
          uniq_eustachio, uniq_grinder

Skill      XL: |  1 |
---------------+----+-----
Axes           | 2 |  2.0
Fighting       | |  3.2
Dodging        | |  1.5
Stealth        | |  5.4

Action                   || total
-------------------------++-------
Melee: Hand axe          ||    10
Armor: Leather armour    ||    14
Dodge: Dodged            ||    25

Table legend:
 A = Non-vault XP
 B = Vault XP
 C = Vault XP percentage of total XP
 D = Non-vault monster count
 E = Vault monster count
 F = Vault count percentage of total count
                 A         B        C        D         E       F
            +---------+---------+-------+---------+---------+-------
      Total |      16 |       0 |   0.0 |       2 |       0 |   0.0
            +---------+---------+-------+---------+---------+-------
        D:5 |      16 |       0 |   0.0 |       2 |       0 |   0.0
            +---------+---------+-------+---------+---------+-------
